 Dungeon Crawl Stone Soup version 0.18.1-48-g4cf74bf (webtiles) character file.

172 Krapule the Ruffian (level 5, -16/46 HPs)
             Began as a Ghoul Monk on July 1, 2016.
             Was a Believer of Makhleb.
             Demolished by Menkaure (26 damage)
             ... on level 4 of the Dungeon.
             The game lasted 00:05:02 (1801 turns).

Krapule the Ruffian (Ghoul Monk)                    Turns: 1801, Time: 00:05:03

Health: -16/46     AC:  3    Str: 18    XL:     5   Next: 52%
Magic:  5/5        EV: 13    Int:  5    God:    Makhleb [**....]
Gold:   100        SH:  0    Dex: 11    Spells: 0 memorised, 4 levels left

rFire  + . .     SeeInvis .       - Unarmed
rCold  + . .     Gourm    .     s - +0 robe {rF+}
rNeg   + + +     Faith    .     (no shield)
rPois  ∞         Spirit   .     f - +0 helmet
rElec  .         Dismiss  .     (no cloak)
rCorr  .         Reflect  .     (no gloves)
SustAt .         Harm     +     (no boots)
MR     .....                    u - amulet of harm
Stlth  ++........               (no ring)
                                q - +2 ring of strength

@: rotting, not resistant to hostile enchantments, unstealthy
A: rotting body, claws 1, carnivore 3, cold resistance 1, negative energy
resistance 3, slow regeneration 1, torment resistance, unbreathing
a: Minor Destruction, Renounce Religion


You were on level 4 of the Dungeon.
You worshipped Makhleb.
Makhleb was pleased with you.
You were not hungry.

You visited 1 branch of the dungeon, and saw 4 of its levels.

You collected 100 gold pieces.

Inventory:

Armour
 a - a +0 robe
 f - a +0 helmet (worn)
 s - a +0 robe of fire resistance (worn)
Jewellery
 q - a +2 ring of strength (left claw)
 u - an amulet of harm (around neck)
Wands
 m - a wand of teleportation (4/9)
Scrolls
 c - 2 scrolls of enchant armour {unknown}
 d - 2 scrolls of identify {unknown}
 e - 2 scrolls of teleportation {unknown}
 g - 4 scrolls of blinking {unknown}
 i - a scroll of fear {unknown}
 j - a scroll of enchant weapon {unknown}
 l - a scroll of immolation {unknown}
Potions
 h - a potion of heal wounds {unknown}
 k - a potion of might {unknown}
 n - a potion of resistance {unknown}
 o - a potion of berserk rage {unknown}
 p - a potion of lignification {unknown}
 r - a potion of cancellation {unknown}
Comestibles
 b - 3 meat rations
 t - a chunk of flesh


   Skills:
 + Level 4.0 Fighting
 + Level 1.6 Armour
 + Level 3.5 Dodging
 + Level 3.4 Stealth
 + Level 4.8 Unarmed Combat
 + Level 1.5 Invocations


You had 4 spell levels left.
You didn't know any spells.

Dungeon Overview and Level Annotations

Branches:
Dungeon (4/15)
 Temple: D:4-7

Altars:
Dithmenos
Elyvilon
Fedhas
Makhleb
Nemelex Xobeh
Pakellas
Vehumet

Annotations:
D:4 Menkaure


Innate Abilities, Weirdness & Mutations

Your body is rotting away.
You thrive on raw meat.
You are immune to poison.
You have sharp fingernails.
You are carnivorous and can eat meat at any time.
Your flesh is cold resistant.
You are immune to negative energy.
You regenerate slowly when monsters are visible.
You are immune to unholy pain and torment.
You can survive without breathing.


Message History

Menkaure seems to speed up.
You scratch the worker ant but do no damage.
The worker ant is severely wounded.
The worker ant bites you.
You scratch the worker ant. Your claw misses the worker ant.
The worker ant is almost dead.
The worker ant closely misses you.
You claw the worker ant!
You kill the worker ant!
Makhleb accepts your kill.
Your Fighting skill increases to level 4!
You claw Menkaure! Your claw misses Menkaure.
Menkaure is moderately damaged.
Menkaure hits you.
* * * LOW HITPOINT WARNING * * *
You scratch Menkaure.
Menkaure is moderately damaged.
Menkaure hits you!!
Ouch! That really hurt!
You die...

##+## #§≈≈### +≈≈≈+.#
#≈≈≈#.# #'##.# #
##.##.###########..#
####............@M....#
.....#############.....#
...###############.###...
##.................# a
#############.###M# #.#
.. #.# ## ########### #.#
..........# #.#


You could see Menkaure.

Vanquished Creatures
  2 scorpions (D:4)
  A worker ant (D:4)
  A hound skeleton (D:3)
  2 adders
  A dart slug (D:1)
  2 giant cockroaches (D:1)
  A goblin (D:1)
  3 hobgoblins
  2 kobolds
  A bat (D:2)
  4 giant newts
  3 rats
23 creatures vanquished.

Notes
Turn   | Place    | Note
--------------------------------------------------------------
     0 | D:1      | Krapule the Ghoul Monk began the quest for the Orb.
     0 | D:1      | Reached XP level 1. HP: 19/19 MP: 0/0
   323 | D:1      | Reached XP level 2. HP: 24/24 MP: 1/1
   721 | D:2      | Found an oddly glowing altar of Pakellas.
   770 | D:2      | Found a faded altar to an unknown god.
   918 | D:2      | Reached XP level 3. HP: 23/31 MP: 2/2
  1102 | D:2      | You fall through a shaft!
  1108 | D:3      | Found a white marble altar of Elyvilon.
  1403 | D:3      | Found a blossoming altar of Fedhas.
  1404 | D:3      | Found a burning altar of Makhleb.
  1426 | D:3      | Found a radiant altar of Vehumet.
  1428 | D:3      | Found a sparkling altar of Nemelex Xobeh.
  1428 | D:3      | Found a shadowy altar of Dithmenos.
  1433 | D:3      | Became a worshipper of Makhleb the Destroyer
  1433 | D:3      | Reached * piety under Makhleb
  1433 | D:3      | Reached ** piety under Makhleb
  1702 | D:4      | Noticed a scorpion
  1711 | D:4      | Killed a scorpion
  1711 | D:4      | Reached skill level 1 in Armour
  1711 | D:4      | Reached skill level 1 in Invocations
  1711 | D:4      | Reached XP level 4. HP: 30/38 MP: 3/3
  1739 | D:4      | Reached XP level 5. HP: 37/46 MP: 3/5
  1782 | D:4      | Noticed Menkaure
  1801 | D:4      | Demolished by Menkaure

Skill      XL: |  1  2  3  4  5 |
---------------+----------------+-----
Dodging        | 3 |  3.5
Armour         | 1 |  1.6
Stealth        | 3 |  3.4
Invocations    | 1 |  1.5
Fighting       | 4 |  4.0
Unarmed Combat | |  4.8

Action                   |  1- 3 |  4- 6 || total
-------------------------+-------+-------++-------
Melee: Unarmed           |    65 |    27 ||    92
 Stab: Sleeping          |     5 |     1 ||     6
  Eat: Chunk             |     5 |     4 ||     9
Armor: Robe              |    13 |     2 ||    15
Dodge: Dodged            |    37 |    14 ||    51
